SA
CHICAGO TULA @ NEBRASKA PLAINSMEN
08/20/2022
 
TOP OF THE 1ST
Chicago Tula batting - Pitching for Nebraska Plainsmen : RHP Leif Mayer
Pitching: RHP Leif Mayer
Batting: LHB Roberto Sánchez 0-0: Foul Ball, location: 2F
0-1: Swinging Strike
0-2: Strikes out looking
Batting: RHB Bryan Sanders 0-0: Ball
1-0: Foul Ball, location: 2F
1-1: Swinging Strike
1-2: Strikes out swinging
Batting: LHB Cole Thrash 0-0: Ball
1-0: Called Strike
1-1: Called Strike
1-2: Ball
2-2: Ball
3-2: Strikes out looking
Top of the 1st over - 0 run(s), 0 hit(s), 0 error(s), 0 left on base; Chicago 0 - Nebraska 0
BOTTOM OF THE 1ST
Nebraska Plainsmen batting - Pitching for Chicago Tula : RHP Brian Collingwood
Pitching: RHP Brian Collingwood
Batting: RHB Bartolo Benítez 0-0: Called Strike
0-1: Fly out, F7 (Flyball, 78M)
Batting: RHB Young-hwan Hyon 0-0: SINGLE (Line Drive, 8LS)
Batting: RHB António Nava 0-0: Ball
1-0: Called Strike
1-1: Called Strike
Balk!
Young-hwan Hyon to second
1-2: SINGLE (Line Drive, 56D)
Young-hwan Hyon to third
Runner from 3rd tries for Home, SAFE, no throw or cutoff
Batting: SHB Javier Zumaya 0-0: Ball
1-0: Called Strike
1-1: Called Strike
1-2: Foul Ball, location: 2F
1-2: Foul Ball, location: 2F
1-2: Ground out 6-3 (Groundball, 6MS)
António Nava to second
Batting: RHB Mike Thompson 0-0: Foul Ball, location: 2F
0-1: Ball
1-1: Reached on error, E6 (Groundball, 6M)
António Nava scores
Batting: RHB Dani Trejo 0-0: Swinging Strike
0-1: Ball
1-1: Ball
2-1: SINGLE (Groundball, 56S)
Mike Thompson to third
Runner from 3rd tries for Home, SAFE, no throw or cutoff
Batting: RHB Miguel Gómez 0-0: Swinging Strike
0-1: Swinging Strike
0-2: Ball
1-2: Foul Ball, location: 2F
1-2: Ball
2-2: Strikes out swinging
Bottom of the 1st over - 3 run(s), 3 hit(s), 1 error(s), 1 left on base; Chicago 0 - Nebraska 3
TOP OF THE 2ND
Chicago Tula batting - Pitching for Nebraska Plainsmen : RHP Leif Mayer
Batting: LHB Arturo Ballina 0-0: Called Strike
0-1: Foul Ball, location: 2F
0-2: Strikes out looking
Batting: RHB Héctor Hernández 0-0: Ball
1-0: Fly out, F4 (Popup, 3D)
Batting: LHB António González 0-0: Called Strike
0-1: Ball
1-1: Foul Ball, location: 2F
1-2: SINGLE (Line Drive, 4M)
Batting: RHB Mark Compton 0-0: Called Strike
0-1: Swinging Strike
0-2: Ball
1-2: Strikes out swinging
Top of the 2nd over - 0 run(s), 1 hit(s), 0 error(s), 1 left on base; Chicago 0 - Nebraska 3
BOTTOM OF THE 2ND
Nebraska Plainsmen batting - Pitching for Chicago Tula : RHP Brian Collingwood
Batting: LHB Alex Willis 0-0: Called Strike
0-1: Fly out, F7 (Flyball, 7M)
Batting: RHB George St. Clair 0-0: Swinging Strike
0-1: Ball
1-1: Ground out 4-3 (Groundball, 4)
Batting: RHB Bartolo Benítez 0-0: Swinging Strike
0-1: Foul Ball, location: 2F
0-2: Ball
1-2: SINGLE (Line Drive, 6D)
Batting: RHB Young-hwan Hyon 0-0: Ball
1-0: Called Strike
1-1: Ball
Bartolo Benítez is caught stealing 2nd base
Bottom of the 2nd over - 0 run(s), 1 hit(s), 0 error(s), 0 left on base; Chicago 0 - Nebraska 3
TOP OF THE 3RD
Chicago Tula batting - Pitching for Nebraska Plainsmen : RHP Leif Mayer
Batting: RHB Jorge Rodríguez 0-0: Called Strike
0-1: Ball
1-1: Ground out 5-3 (Groundball, 5S)
Batting: LHB Gerald Kaufman 0-0: Fly out, F8 (Flyball, 8LM)
Batting: LHB Roberto Sánchez 0-0: Ball
1-0: Ball
2-0: Called Strike
2-1: Swinging Strike
2-2: Ball
3-2: Base on Balls
Batting: RHB Bryan Sanders 0-0: Ball
1-0: Ball
Roberto Sánchez steals 2nd base
2-0: Ground out 4-3 (Groundball, 4)
Top of the 3rd over - 0 run(s), 0 hit(s), 0 error(s), 1 left on base; Chicago 0 - Nebraska 3
BOTTOM OF THE 3RD
Nebraska Plainsmen batting - Pitching for Chicago Tula : RHP Brian Collingwood
Batting: RHB Young-hwan Hyon 0-0: SINGLE (Groundball, 25) (infield hit)
Batting: RHB António Nava 0-0: Ball
1-0: Fly out, F5 (Popup, 15)
Batting: SHB Javier Zumaya 0-0: Called Strike
0-1: Foul Ball, location: 2F
0-2: Ball
Young-hwan Hyon is caught stealing 2nd base
1-2: Strikes out looking
Bottom of the 3rd over - 0 run(s), 1 hit(s), 0 error(s), 0 left on base; Chicago 0 - Nebraska 3
TOP OF THE 4TH
Chicago Tula batting - Pitching for Nebraska Plainsmen : RHP Leif Mayer
Batting: LHB Cole Thrash 0-0: Ball
1-0: Ball
2-0: Called Strike
2-1: Ball
3-1: Base on Balls
Batting: LHB Arturo Ballina 0-0: Fly out, F8 (Flyball, 8RXD)
Batting: RHB Héctor Hernández 0-0: Swinging Strike
0-1: Ball
1-1: Ball
2-1: Foul Ball, location: 2F
2-2: Fly out, F9 (Flyball, 89M)
Batting: LHB António González 0-0: SINGLE (Groundball, 5D)
Cole Thrash to second
Batting: RHB Mark Compton 0-0: Ball
1-0: Swinging Strike
1-1: Swinging Strike
1-2: Strikes out swinging passed ball, reaches first!
Cole Thrash to third
António González to second
Batting: RHB Jorge Rodríguez 0-0: Foul Ball, location: 2F
0-1: Ball
1-1: Ball
2-1: Foul Ball, location: 2F
2-2: Fielders Choice at 2nd, U6 (Groundball, 6M)
Top of the 4th over - 0 run(s), 1 hit(s), 0 error(s), 3 left on base; Chicago 0 - Nebraska 3
BOTTOM OF THE 4TH
Nebraska Plainsmen batting - Pitching for Chicago Tula : RHP Brian Collingwood
Batting: RHB Mike Thompson 0-0: Ground out 6-3 (Groundball, 6S)
Batting: RHB Dani Trejo 0-0: Foul Ball, location: 2F
0-1: Foul Ball, location: 2F
0-2: Strikes out swinging
Batting: RHB Miguel Gómez 0-0: Ball
1-0: Called Strike
1-1: Fly out, F9 (Flyball, 9M)
Bottom of the 4th over - 0 run(s), 0 hit(s), 0 error(s), 0 left on base; Chicago 0 - Nebraska 3
TOP OF THE 5TH
Chicago Tula batting - Pitching for Nebraska Plainsmen : RHP Leif Mayer
Batting: LHB Gerald Kaufman 0-0: Called Strike
0-1: Swinging Strike
0-2: Foul Ball, location: 2F
0-2: Ball
1-2: Ball
2-2: Foul Ball, location: 2F
2-2: Strikes out looking
Batting: LHB Roberto Sánchez 0-0: Ball
1-0: Called Strike
1-1: SINGLE (Groundball, 34D)
Batting: RHB Bryan Sanders 0-0: Foul Ball, location: 2F
0-1: Ball
1-1: Called Strike
1-2: Grounds into double play, 4-6-3 (Groundball, 4)
Top of the 5th over - 0 run(s), 1 hit(s), 0 error(s), 0 left on base; Chicago 0 - Nebraska 3
BOTTOM OF THE 5TH
Nebraska Plainsmen batting - Pitching for Chicago Tula : RHP Brian Collingwood
Batting: LHB Alex Willis 0-0: Ball
1-0: Ball
2-0: Called Strike
2-1: Swinging Strike
2-2: Fly out, F7 (Flyball, 7LM)
Batting: RHB George St. Clair 0-0: Ball
1-0: Foul Ball, location: 2F
1-1: Ball
2-1: Ball
3-1: Foul Ball, location: 2F
3-2: Ground out 5-3 (Groundball, 56)
Batting: RHB Bartolo Benítez 0-0: Ground out 6-3 (Groundball, 6M)
Bottom of the 5th over - 0 run(s), 0 hit(s), 0 error(s), 0 left on base; Chicago 0 - Nebraska 3
TOP OF THE 6TH
Chicago Tula batting - Pitching for Nebraska Plainsmen : RHP Leif Mayer
Batting: LHB Cole Thrash 0-0: Foul Ball, location: 2F
0-1: Ball
1-1: Ball
2-1: Foul Ball, location: 2F
2-2: Ball
3-2: Strikes out swinging
Batting: LHB Arturo Ballina 0-0: Ball
1-0: Ball
2-0: Foul Ball, location: 2F
2-1: Swinging Strike
2-2: Strikes out swinging
Batting: RHB Héctor Hernández 0-0: Ball
1-0: Called Strike
1-1: DOUBLE (Line Drive, 8LM)
Pitching: RHP Pedro Luna
Batting: LHB António González 0-0: Ball
1-0: Ball
2-0: Ball
3-0: Base on Balls
Batting: RHB Mark Compton 0-0: Called Strike
0-1: Ball
1-1: Fly out, F4 (Popup, 34)
Top of the 6th over - 0 run(s), 1 hit(s), 0 error(s), 2 left on base; Chicago 0 - Nebraska 3
BOTTOM OF THE 6TH
Nebraska Plainsmen batting - Pitching for Chicago Tula : RHP Brian Collingwood
Batting: RHB Young-hwan Hyon 0-0: Ball
1-0: Ball
2-0: Called Strike
2-1: Ground out 6-3 (Groundball, 6D)
Batting: RHB António Nava 0-0: Foul Ball, location: 2F
0-1: Ball
1-1: Ground out 5-3 (Groundball, 5)
Batting: SHB Javier Zumaya 0-0: Called Strike
0-1: Swinging Strike
0-2: Ball
1-2: Ground out 1-3 (Groundball, 15S)
Bottom of the 6th over - 0 run(s), 0 hit(s), 0 error(s), 0 left on base; Chicago 0 - Nebraska 3
TOP OF THE 7TH
Chicago Tula batting - Pitching for Nebraska Plainsmen : RHP Pedro Luna
Batting: RHB Jorge Rodríguez 0-0: Called Strike
0-1: Foul Ball, location: 2F
0-2: Ball
1-2: Ground out 6-3 (Groundball, 6)
Batting: LHB Gerald Kaufman 0-0: Foul Ball, location: 2F
0-1: Swinging Strike
0-2: Ball
1-2: Strikes out looking
Batting: LHB Roberto Sánchez 0-0: Ball
1-0: Ball
2-0: Ball
3-0: Called Strike
3-1: Swinging Strike
3-2: Strikes out swinging
Top of the 7th over - 0 run(s), 0 hit(s), 0 error(s), 0 left on base; Chicago 0 - Nebraska 3
BOTTOM OF THE 7TH
Nebraska Plainsmen batting - Pitching for Chicago Tula : RHP Brian Collingwood
Batting: RHB Mike Thompson 0-0: Foul Ball, location: 2F
0-1: Foul Ball, location: 2F
0-2: Ball
1-2: Fly out, F8 (Flyball, 78XD)
Batting: RHB Dani Trejo 0-0: Called Strike
0-1: Called Strike
0-2: Ball
1-2: Foul Ball, location: 2F
1-2: Fly out, F7 (Flyball, 7M)
Batting: RHB Miguel Gómez 0-0: Ball
1-0: Called Strike
1-1: Ball
2-1: Called Strike
2-2: Strikes out swinging
Bottom of the 7th over - 0 run(s), 0 hit(s), 0 error(s), 0 left on base; Chicago 0 - Nebraska 3
TOP OF THE 8TH
Chicago Tula batting - Pitching for Nebraska Plainsmen : RHP Pedro Luna
Batting: RHB Bryan Sanders 0-0: Ball
1-0: Called Strike
1-1: Called Strike
1-2: Strikes out swinging
Batting: LHB Cole Thrash 0-0: Foul Ball, location: 2F
0-1: Called Strike
0-2: Ball
1-2: Strikes out swinging
Batting: LHB Arturo Ballina 0-0: Called Strike
0-1: Called Strike
0-2: Ball
1-2: Fly out, F6 (Line Drive, 6M)
Top of the 8th over - 0 run(s), 0 hit(s), 0 error(s), 0 left on base; Chicago 0 - Nebraska 3
BOTTOM OF THE 8TH
Nebraska Plainsmen batting - Pitching for Chicago Tula : RHP Brian Collingwood
Pitching: RHP Jim Unknown
Batting: LHB Alex Willis 0-0: Ball
1-0: Fly out, F6 (Popup, 56D)
Batting: RHB George St. Clair 0-0: Called Strike
0-1: Called Strike
0-2: Foul Ball, location: 2F
0-2: Ball
1-2: Ball
2-2: Strikes out swinging
Batting: RHB Bartolo Benítez 0-0: Ball
1-0: SINGLE (Groundball, 4M)
Batting: RHB Young-hwan Hyon 0-0: Ball
1-0: Fly out, F9 (Flyball, 9M)
Bottom of the 8th over - 0 run(s), 1 hit(s), 0 error(s), 1 left on base; Chicago 0 - Nebraska 3
TOP OF THE 9TH
Chicago Tula batting - Pitching for Nebraska Plainsmen : RHP Pedro Luna
Pitching: LHP Freek Belt
Batting: RHB Héctor Hernández 0-0: Called Strike
0-1: Swinging Strike
0-2: Strikes out swinging
Batting: LHB António González 0-0: Ball
1-0: Ground out 4-3 (Groundball, 4)
Batting: RHB Mark Compton 0-0: Ground out 4-3 (Groundball, 4)
Top of the 9th over - 0 run(s), 0 hit(s), 0 error(s), 0 left on base; Chicago 0 - Nebraska 3
This league is powered by Out of the Park Baseball, the baseball management simulation game for PC, Mac and Linux
Friday, April 15th, 2016 - OOTP Baseball 16.9 Build 39